 Dungeon Crawl Stone Soup version 0.26-a0-466-g989023bd0d (webtiles) character file.

Game seed: 11221531387734616037

18846 nineofswords the Prestidigitator (level 13, 0/72 HPs)
             Began as a Kobold Hunter on July 30, 2020.
             Was an Initiate of Gozag.
             Killed themself with a badly aimed iceblast (26 damage)
             ... on level 12 of the Dungeon.
             The game lasted 00:51:56 (21054 turns).

nineofswords the Prestidigitator (Kobold Hunter)   Turns: 21054, Time: 00:51:56

Health: 0/72       AC: 15    Str: 10    XL:     13   Next: 0%
Magic:  20/20      EV: 19    Int: 20    God:    Gozag
Gold:   1375       SH:  0    Dex: 23    Spells: 14/21 levels left

rFire    . . .     SeeInvis .   v - +0 arbalest
rCold    . . .     Faith    .   (shield currently unavailable)
rNeg     . . .     Spirit   .   U - +7 ring mail "Seqieho" {Dex+6}
rPois    .         Reflect  .   (no helmet)
rElec    .         Harm     .   i - +0 cloak
rCorr    +                      j - +0 pair of gloves
MR       .....                  f - +0 pair of boots
Stlth    ++++......             w - amulet of regeneration
HPRegen  0.62/turn              I - ring of Mihey {+Inv +Fly Int+5 Stlth-}
MPRegen  0.17/turn              K - ring of resist corrosion

@: gold aura
A: small, nightstalker 3
a: Potion Petition, Call Merchant, Bribe Branch, Renounce Religion, Evoke
Invisibility, Evoke Flight


You were on level 12 of the Dungeon.
You worshipped Gozag.
Gozag was most pleased with you.
You visited 2 branches of the dungeon, and saw 13 of its levels.
You also visited: Ice Cave.

You collected 2812 gold pieces.
You spent 1307 gold pieces at shops.
You paid 130 gold pieces to Gozag.

Inventory:

Hand Weapons
 a - a +1 hand crossbow
 v - a +0 arbalest (weapon)
 L - a +1 short sword of venom
 P - a +2 dagger of chaos
 X - a +1 vampiric lajatang
Missiles
 d - 87 bolts (quivered)
 u - 69 poisoned darts
 E - 10 boomerangs
 V - 7 atropa-tipped darts
Armour
 f - a +0 pair of boots (worn)
 i - a +0 cloak (worn)
 j - a +0 pair of gloves (worn)
 r - the +11 ice dragon scales of the Leaf {+Inv rF- rC++ Regen+ Int-5}
   (You found it in an ice cave)

   It affects your intelligence (-5).
   It makes you vulnerable to fire.
   It greatly protects you from cold.
   It lets you turn invisible.
   It increases your rate of regeneration.
 F - a +2 leather armour of poison resistance
 U - the +7 ring mail "Seqieho" (worn) {Dex+6}
   (You found it on level 12 of the Dungeon)

   It affects your dexterity (+6).
Jewellery
 w - an amulet of regeneration (around neck)
 B - an uncursed ring of positive energy
 H - an uncursed ring of wizardry
 I - the ring of Mihey (left hand) {+Inv +Fly Int+5 Stlth-}
   (You found it on level 6 of the Dungeon)

   [ring of attention]

   It affects your intelligence (+5).
   It lets you turn invisible.
   It lets you fly.
   It makes you less stealthy.
 K - a ring of resist corrosion (right hand)
 Q - an uncursed ring of ice
 T - an uncursed amulet of magic regeneration
Wands
 b - a wand of disintegration (9)
 n - a wand of enslavement (23)
 A - a wand of paralysis (20)
 G - a wand of flame (37)
 M - a wand of random effects (11)
 W - a wand of digging (5)
 Z - a wand of iceblast (9)
Scrolls
 g - 3 scrolls of teleportation
 h - a scroll of fog
 k - 3 scrolls of amnesia
 o - 5 scrolls of enchant weapon
 p - 5 scrolls of remove curse
 q - 3 scrolls of blinking
 s - 2 scrolls of immolation
 y - 3 scrolls of enchant armour
 C - 2 scrolls of magic mapping
 D - 2 scrolls of fear
 J - 2 scrolls of identify
Potions
 c - 3 potions of mutation
 e - 3 potions of stabbing
 l - 2 potions of might
 m - 5 potions of lignification
 x - 11 potions of curing
 z - a potion of resistance
 N - a potion of flight
 O - a potion of invisibility
 R - a potion of brilliance
 S - a potion of cancellation
 Y - 2 potions of ambrosia
Miscellaneous
 t - a box of beasts


   Skills:
 - Level 5.2 Fighting
 - Level 9.5(9.6) Short Blades
   Level 0.5(3.8) Long Blades
 - Level 10.5 Crossbows
 - Level 5.0 Throwing
 + Level 2.8 Armour
 - Level 8.1 Dodging
 - Level 10.9 Stealth
 - Level 4.9 Spellcasting
 - Level 1.0 Conjurations
 - Level 1.0 Air Magic
 - Level 1.1 Poison Magic
 - Level 12.7 Evocations


You had 14 spell levels left.
You knew the following spells:

 Your Spells              Type           Power        Failure   Level
a - Mephitic Cloud        Conj/Pois/Air  #.......     50%         3
b - Portal Projectile     Hex/Tloc       #.....       65%         3
c - Apportation           Tloc           #.....       28%         1

Your spell library contained the following spells:

 Spells                   Type           Power        Failure   Level
 Corona                   Hex            #......      28%         1
 Poisonous Vapours        Pois/Air       #.....       28%         2
 Slow                     Hex            #.......     41%         2
 Static Discharge         Conj/Air       #.......     50%         3
 Conjure Flame            Conj/Fire      #.......     56%         3
 Dazzling Flash           Conj/Hex       #.....       56%         3
 Ignite Poison            Fire/Tmut/Pois #.......     58%         3
 Inner Flame              Hex/Fire       #.......     65%         3
 Lesser Beckoning         Tloc           #.........   65%         3
 Tukima's Dance           Hex            #.......     65%         3
 Hailstorm                Conj/Ice       #.......     92%         4
 Cause Fear               Hex            #.........   96%         4
 Leda's Liquefaction      Hex/Erth       #.........   96%         4
 Alistair's Intoxication  Tmut/Pois      #........    99%         5
 Freezing Cloud           Conj/Ice/Air   #.........   100%        6
 Invisibility             Hex            #.......     100%        6
 Orb of Destruction       Conj           #.........   100%        7


Dungeon Overview and Level Annotations

Branches:
Dungeon (12/15)            Temple (1/1) D:7            Lair (0/6) D:11
    Orc (0/2) D:12          IceCv (visited)

Altars:
Ashenzari
Cheibriados
Dithmenos
Gozag
Hepliaklqana
Makhleb
Nemelex Xobeh
Okawaru
Qazlal
Ru
Sif Muna
Trog
Uskayaw
Vehumet
Wu Jian
Xom
Yredelemnul
Zin
The Shining One
Beogh

Shops:
D:5 !   D:8 ?   D:12 }[}[(

Annotations:
D:10 1 runed translucent door, Morbidden's ghost, journeyman VSCj


Innate Abilities, Weirdness & Mutations

You are small and have problems with some larger weapons.
You are completely attuned to the shadows.


Message History

Firing (i - inventory. (/) - cycle)
d - 88 bolts (quivered)
Press: ? - help, Shift-Dir - straight line, f - slime creature
Aim: a slime creature (heavily wounded)
You shoot a bolt. The bolt hits the slime creature!
The slime creature is severely wounded.
The slime creature hits you!
A large slime creature splits.
Evoke which item? (* to show all) (? for menu, Esc to quit)
Aiming: Iceblast
Press: ? - help, Shift-Dir - straight line, f/p - slime creature
Aim: a slime creature (severely wounded) That beam is likely to hit you.
Continue anyway?
The mass of ice explodes!
The iceblast engulfs the slime creature!!
You kill the slime creature!
The iceblast engulfs the slime creature!!!
You kill the slime creature!
You have reached level 13!
The iceblast engulfs you!!
You die...
Your body crumbles into a pile of gold.

#..###'####......
#................
#................
#.......|........
####................
#.........#######'#.
#....<(...#.......#.
#.....(...#.......#.
#..@J.....#.......#.
#..$$.....#.....∩.#.
#.........#.......#.
#.........######..#.
######.........####.
#..............
#..............
#..............
#....#.#.......


You could see a slime creature.

Vanquished Creatures
  Snorg (D:10)
  Fannar (D:11)
  A hydra (D:12)
  A centaur warrior (D:10)
  A two-headed ogre (D:8)
  2 unseen horrors
  A wizard (D:12)
  A manticore (D:10)
  3 ugly things
  2 elephants (D:11)
  2 ice statues (IceCv)
  Psyche (D:9)
  A gargoyle (D:11)
  2 ice devils (D:12)
  A troll (D:12)
  4 slime creatures
  2 hornets
  Prince Ribbit (D:5)
  A hippogriff (D:11)
  2 wyverns
  Sigmund (D:4)
  8 yaks
  A wraith (D:9)
  A basilisk (D:11)
  Grum (D:9)
  A water moccasin (D:11)
  11 orc warriors
  6 ice beasts (IceCv)
  3 black bears
  An eye of draining (D:10)
  3 wolves (D:9)
  A centaur (D:7)
  5 ogres
  2 crocodiles
  4 big kobolds
  3 bullfrogs
  A wyvern zombie (D:10)
  A gnoll sergeant (D:7)
  2 wyvern skeletons
  2 scorpions (D:9)
  5 wights (D:11)
  An electric eel (D:12)
  3 howler monkeys
  2 bullfrog zombies
  A centaur zombie (D:12)
  5 hounds
  7 jellies
  13 orc priests
  15 orc wizards
  2 centaur skeletons (D:12)
  4 iguanas
  Ijyb (D:5)
  10 worker ants
  A killer bee zombie (D:10)
  3 hound skeletons
  2 worker ant zombies
  4 gnolls (D:7)
  13 adders
  2 white imps
  2 ufetubi
  4 oozes
  An adder skeleton (D:6)
  An adder zombie (D:7)
  2 worms (D:5)
  2 dart slugs (D:2)
  6 leopard geckos
  76 orcs
  2 giant cockroaches
  12 hobgoblins
  6 jackals
  8 quokkas
  6 bats
  5 frilled lizards
  6 goblins
  24 kobolds
  A leopard gecko skeleton (D:4)
  7 rats
354 creatures vanquished.

Vanquished Creatures (others)
  4 fungi
  9 plants (D:10)
  5 toadstools (D:8)
18 creatures vanquished.

Grand Total: 372 creatures vanquished

Notes
Turn   | Place    | Note
-------+----------+-------------------------------------------
     0 | D:1      | nineofswords the Kobold Hunter began the quest for the Orb.
     0 | D:1      | Reached XP level 1. HP: 12/12 MP: 1/1
   182 | D:1      | Reached skill level 5 in Crossbows
   263 | D:1      | Reached XP level 2. HP: 10/17 MP: 2/2
   764 | D:1      | Reached XP level 3. HP: 21/21 MP: 3/3
  2045 | D:2      | Reached XP level 4. HP: 23/26 MP: 4/4
  3358 | D:3      | Found a glowing silver altar of Zin.
  3756 | D:3      | Reached XP level 5. HP: 28/30 MP: 5/5
  4087 | D:3      | Found a glowing golden altar of the Shining One.
  4211 | D:4      | Noticed an ogre
  4228 | D:4      | Killed an ogre
  4459 | D:4      | Reached XP level 6. HP: 35/35 MP: 6/6
  4497 | D:4      | Noticed an ogre
  4499 | D:4      | Noticed Sigmund
  4630 | D:4      | Killed Sigmund
  4630 | D:4      | Reached XP level 7. HP: 29/40 MP: 7/7
  4766 | D:4      | HP: 2/40 [white imp (4)]
  5148 | D:5      | Entered Level 5 of the Dungeon
  5892 | D:5      | Noticed Prince Ribbit
  5914 | D:5      | Killed Prince Ribbit
  5914 | D:5      | Reached skill level 5 in Throwing
  5914 | D:5      | Reached XP level 8. HP: 48/48 MP: 8/8
  6105 | D:5      | Noticed Ijyb
  6108 | D:5      | Killed Ijyb
  6167 | D:5      | Found Guonteh's Distillery.
  6172 | D:5      | Bought a potion of curing for 39 gold pieces
  6172 | D:5      | Bought a potion of mutation for 104 gold pieces
  6172 | D:5      | Bought a potion of curing for 39 gold pieces
  6172 | D:5      | Bought a potion of curing for 39 gold pieces
  6172 | D:5      | Bought a potion of curing for 39 gold pieces
  6213 | D:5      | Reached skill level 5 in Fighting
  6972 | D:6      | Got a sparkling platinum ring
  6979 | D:6      | Identified the ring of Mihey {+Inv +Fly Int+5 Stlth-} (You
                  | found it on level 6 of the Dungeon)
  7871 | D:7      | Reached XP level 9. HP: 50/54 MP: 9/9
  7921 | D:7      | Found a staircase to the Ecumenical Temple.
  7948 | Temple   | Entered the Ecumenical Temple
  8080 | D:7      | Noticed a hornet
  8089 | D:7      | Killed a hornet
  8089 | D:7      | Reached skill level 10 in Crossbows
  9094 | Temple   | Became a worshipper of Gozag Ym Sagoz the Greedy
  9220 | D:8      | Found Pocwas's Magic Scroll Boutique.
  9273 | D:8      | Reached skill level 1 in Evocations
  9305 | D:8      | Reached skill level 2 in Evocations
  9781 | D:8      | Noticed a hornet
  9782 | D:8      | Bought a scroll of noise for 14 gold pieces
  9782 | D:8      | Bought a scroll of identify for 28 gold pieces
 10056 | D:8      | Noticed a two-headed ogre
 10079 | D:8      | HP: 2/54 [two-headed ogre/+0 giant club (19)]
 10084 | D:8      | Killed a two-headed ogre
 10084 | D:8      | Reached skill level 5 in Stealth
 10084 | D:8      | Reached skill level 4 in Evocations
 10084 | D:8      | Reached XP level 10. HP: 3/59 MP: 10/10
 10423 | D:8      | Reached skill level 5 in Evocations
 10596 | D:8      | Learned a level 3 spell: Mephitic Cloud
 10781 | D:8      | Reached skill level 6 in Evocations
 11289 | D:9      | Reached skill level 7 in Evocations
 11455 | D:9      | Reached skill level 1 in Conjurations
 11455 | D:9      | Reached skill level 1 in Air Magic
 11455 | D:9      | Reached skill level 1 in Poison Magic
 11663 | D:9      | Reached skill level 1 in Spellcasting
 11877 | D:9      | Noticed Psyche
 11891 | D:9      | Killed Psyche
 11991 | D:9      | Found a roughly hewn altar of Beogh.
 12051 | D:9      | Noticed Grum
 12069 | D:9      | Killed Grum
 12069 | D:9      | Reached skill level 8 in Evocations
 12696 | D:9      | Found a roughly hewn altar of Beogh.
 12703 | D:9      | Reached skill level 9 in Evocations
 12720 | D:9      | Learned a level 3 spell: Portal Projectile
 13036 | D:10     | Entered Level 10 of the Dungeon
 13287 | D:10     | Reached XP level 11. HP: 51/64 MP: 13/13
 13306 | D:10     | Reached skill level 10 in Evocations
 14042 | D:10     | Found a runed translucent door.
 14044 | D:10     | Noticed Morbidden's ghost (journeyman VSCj)
 14243 | D:10     | Reached skill level 11 in Evocations
 14266 | D:10     | Noticed a manticore
 14266 | D:10     | Noticed Snorg
 14455 | D:10     | Killed a manticore
 14601 | D:10     | Killed an unseen horror
 14864 | D:10     | Noticed a centaur warrior
 14881 | D:10     | Killed a centaur warrior
 15066 | D:10     | Killed Snorg
 15066 | D:10     | Reached skill level 10 in Stealth
 15123 | D:10     | Identified the cursed +2 trident "Xuheang" {vorpal, rF++
                  | MR-}
 15350 | D:11     | Reached skill level 1 in Short Blades
 15603 | D:5      | Bought a potion of flight for 39 gold pieces
 15603 | D:5      | Bought a potion of invisibility for 104 gold pieces
 15603 | D:5      | Bought a potion of curing for 39 gold pieces
 15603 | D:5      | Bought a potion of lignification for 39 gold pieces
 16263 | D:11     | Noticed Fannar
 16304 | D:11     | Killed Fannar
 16304 | D:11     | Reached skill level 5 in Short Blades
 16700 | D:11     | Noticed a green ugly thing
 16714 | D:11     | Killed a green ugly thing
 16714 | D:11     | Reached XP level 12. HP: 62/68 MP: 14/14
 17056 | D:11     | Found a staircase to the Lair.
 17605 | D:12     | Killed an unseen horror
 17615 | D:12     | Found Gauh's Gadget Boutique.
 17621 | D:12     | Bought a wand of paralysis (6) for 128 gold pieces
 17621 | D:12     | Bought a wand of digging (5) for 288 gold pieces
 17632 | D:12     | Noticed a four-headed hydra
 17638 | D:12     | Killed a four-headed hydra
 17646 | D:12     | Found Orecs's Antique Armour Emporium.
 17725 | D:12     | Found Reush's Gadget Boutique.
 17732 | D:12     | Bought a wand of disintegration (12) for 256 gold pieces
 17732 | D:12     | Bought a wand of paralysis (5) for 112 gold pieces
 17764 | D:12     | Found a frozen archway.
 17808 | IceCv    | Entered an ice cave
 18013 | IceCv    | Reached skill level 12 in Evocations
 18076 | IceCv    | Got a bloodstained scimitar
 18077 | IceCv    | Identified the +5 scimitar "Yxutwek" {speed, Fragile rElec
                  | rC+} (You found it in an ice cave)
 19317 | IceCv    | Got ichor-stained ice dragon scales
 19369 | D:12     | Identified the +11 ice dragon scales of the Leaf {+Inv rF-
                  | rC++ Regen+ Int-5} (You found it in an ice cave)
 19630 | D:12     | Noticed a wizard
 19639 | D:12     | Killed a wizard
 19954 | D:12     | Got an ancient ring mail
 19965 | D:12     | Identified the +7 ring mail "Seqieho" {Dex+6} (You found it
                  | on level 12 of the Dungeon)
 20057 | D:12     | Found Afung's Weapon Shop.
 20150 | D:12     | Reached skill level 1 in Armour
 20313 | D:12     | Found a staircase to the Orcish Mines.
 20393 | D:12     | Found Yjeti's Antique Armour Boutique.
 20469 | D:12     | Identified the Papyrus of the Falcon
 20473 | D:12     | Learned a level 1 spell: Apportation
 21054 | D:12     | Reached XP level 13. HP: 26/72 MP: 20/20
 21054 | D:12     | Killed themself with a badly aimed iceblast

Illustrated notes

Levels and vault maps discovered:
D:1:      roderic_chinese_lattice_arrival, layout_loops_corners
D:2:      layout_basic
D:3:      layout_basic, marbit_many_paths, nicolae_tso_carved_into_rock
D:4:      layout_loops_cross, uniq_sigmund
D:5:      minmay_angry_zag, layout_gridville, serial_shops, shop,
          grunt_ministairs_15, uniq_prince_ribbit1, uniq_ijyb
D:6:      layout_basic
D:7:      layout_basic, minmay_temple_entry_hall
D:8:      cheibrodos_fertilizer, layout_basic, serial_shops,
          nicolae_shop_statue_plus
D:9:      layout_roguey [special_room_orc], minmay_misc_feat_diagonals,
          david_defended_altar_orc, uniq_grum, uniq_psyche
D:10:     layout_roguey, ebering_ghost_funeral_grove, chequers_garden,
          minmay_shattered_shrine, uniq_snorg
D:11:     layout_loops_cross, david_lair_generic, uniq_fannar
D:12:     layout_irregular_city, erik_orc_2, portal_ice_cave_demonic_guard,
          serial_shops, nicolae_shop_crystal, nicolae_shop_crystal, shop_coins,
          shop, nicolae_shop_crystal, laboratory
Temple:   grunt_wide_crystal_templ

Skill      XL: |  1  2  3  4  5  6  7  8  9 10 11 12 |
---------------+-------------------------------------+-----
Crossbows      | 5 6 7 9 10 | 10.5
Dodging        | 4 6 8 |  8.1
Throwing       | 5 |  5.0
Fighting       | 4 5 |  5.2
Evocations     | 4 9 11 12 | 12.7
Stealth        | 5 7 10 | 10.9
Conjurations   | 1 |  1.0
Air Magic      | 1 |  1.0
Poison Magic   | 1 |  1.1
Spellcasting   | 1 4 |  4.9
Short Blades   | 6 9 |  9.5
Armour         | 2 |  2.8
Long Blades    | |  0.5

Action                   |  1- 3 |  4- 6 |  7- 9 | 10-12 | 13-15 || total
-------------------------+-------+-------+-------+-------+-------++-------
Melee: Short sword       |    69 |    45 |    50 |   428 |       ||   592
       Whip              |       |    76 |   170 |    66 |       ||   312
       Dagger            |       |       |       |   117 |       ||   117
       Scimitar          |       |       |       |     7 |       ||     7
 Fire: Hand crossbow     |    13 |    30 |    46 |   251 |       ||   340
       Arbalest          |       |       |       |   202 |       ||   202
Throw: Dart              |       |       |    50 |    38 |       ||    88
 Cast: Portal Projectile |       |       |       |     2 |       ||     2
 Abil: Evoke Invisibilit |       |       |       |     8 |       ||     8
Evoke: Wand              |       |       |       |    37 |       ||    37
  Use: Potion            |       |       |     5 |     6 |       ||    11
       Scroll            |       |       |    13 |     6 |       ||    19
 Stab: Sleeping          |    14 |     8 |     8 |     7 |       ||    37
       Distracted        |       |       |       |     3 |       ||     3
       Paralysed         |       |       |       |     7 |       ||     7
       Invisible         |       |       |       |     2 |       ||     2
       Petrifying        |       |       |       |     1 |       ||     1
Armor: Leather armour    |     6 |    18 |    29 |   118 |       ||   171
       Skin              |       |       |     7 |       |       ||     7
       Ring mail         |       |       |       |    19 |       ||    19
Dodge: Dodged            |    36 |   102 |   233 |   746 |       ||  1117

Table legend: (Time is in decaauts)
 A = Elapsed time spent in this place.
 B = Non-inter-level travel time spent in this place.
 C = Inter-level travel time spent in this place.
 D = Time resting spent in this place.
 E = Time spent auto-exploring this place.
 F = Levels seen in this place.
 G = Mean time per level.
                   A        B        C        D        E       F      G
               +--------+--------+--------+--------+--------+-----+--------+
         Total |  21147 |  19908 |   1239 |   3967 |  11476 |  14 | 1510.5 |
       Dungeon |  19487 |  18257 |   1230 |   2925 |  11401 |  12 | 1623.9 |
        Temple |     69 |     60 |      9 |      0 |     37 |   1 |   69.0 |
      Ice Cave |   1590 |   1590 |      0 |   1042 |     38 |   1 | 1590.0 |
               +--------+--------+--------+--------+--------+-----+--------+

Top non-repeatable levels by time:
    D:10: 2698 daAuts
     D:8: 2284 daAuts
     D:9: 1830 daAuts
    D:12: 1784 daAuts
    D:11: 1653 daAuts
     D:5: 1628 daAuts
   IceCv: 1590 daAuts
     D:2: 1574 daAuts
     D:1: 1357 daAuts
     D:7: 1288 daAuts
     D:3: 1256 daAuts
     D:6: 1151 daAuts
     D:4: 981 daAuts
  Temple: 69 daAuts
